 Dungeon Crawl Stone Soup version 0.26.0-10-g1f06aea511 (webtiles) character file.

Game seed: 7850186565847238000

1442 wakim the Covert (level 8, 0/35 (36) HPs)
             Began as a Spriggan Enchanter on Jan 27, 2021.
             Was a Believer of Dithmenos.
             Slain by a wight
             ... wielding a cursed +5 halberd of freezing
              (2 damage)
             ... on level 6 of the Dungeon.
             The game lasted 00:29:18 (6390 turns).

wakim the Covert (Spriggan Enchanter)               Turns: 6390, Time: 00:29:18

HP:   0/35 (36)     AC:  4    Str:  4    XL:     8   Next: 46%
MP:   8/14          EV: 20    Int: 19    God:    Dithmenos [**....]
Gold: 350           SH:  0    Dex: 16    Spells: 6/14 levels left

rFire    . . .     SeeInvis +   a - +3 dagger (freeze)
rCold    . . .     Faith    .   (shield restricted)
rNeg     . . .     Spirit   .   m - +0 robe
rPois    .         Reflect  .   u - +2 hat
rElec    .         Harm     .   (no cloak)
rCorr    .         Rampage  .   (gloves unavailable)
Will     +....                  (boots unavailable)
Stlth    ++++++++..             n - amulet of magic regeneration
HPRegen  0.11/turn              p - ring of stealth
MPRegen  0.39/turn              r - ring of stealth

@: confusing touch, wreathed by umbra, lightly drained, very quick
A: very small, unfitting armour, see invisible, speed 3
a: Renounce Religion, Shadow Step


You were on level 6 of the Dungeon.
You worshipped Dithmenos.
Dithmenos was pleased with you.
You visited 1 branch of the dungeon, and saw 6 of its levels.

You collected 350 gold pieces.

Inventory:

Hand Weapons
 a - a +3 dagger of freezing (weapon)
 b - a +1 vampiric dagger
Armour
 m - a +0 robe (worn)
 u - a +2 hat (worn)
Jewellery
 i - an uncursed amulet of regeneration
 n - an amulet of magic regeneration (around neck)
 p - a ring of stealth (left hand)
 r - a ring of stealth (right hand)
 t - an uncursed ring of protection from cold
 v - an uncursed ring of positive energy
 A - an uncursed ring of positive energy
Wands
 e - a wand of flame (18)
Scrolls
 c - 3 scrolls of teleportation
 d - 5 scrolls of amnesia
 h - 5 scrolls of identify
 o - a scroll of remove curse
 q - a scroll of magic mapping
Potions
 z - 2 potions of curing


   Skills:
 + Level 7.3 Short Blades
 * Level 5.0 Dodging
 - Level 8.0 Stealth
 + Level 3.5 Spellcasting
 + Level 5.2 Hexes
 - Level 4.0 Ice Magic


You had 6 spell levels left.
You knew the following spells:

 Your Spells              Type           Power        Failure   Level
b - Ensorcelled Hibernat  Hex/Ice        40%          3%          2
c - Confusing Touch       Hex            23%          4%          3
d - Tukima's Dance        Hex            23%          4%          3

Your spell library contained the following spells:

 Spells                   Type           Power        Failure   Level
 Corona                   Hex            25%          1%          1
 Dazzling Flash           Conj/Hex       26%          14%         3


Dungeon Overview and Level Annotations

Branches:
Dungeon (6/15)             Temple (0/1) D:5

Altars:
Dithmenos
Elyvilon
Ru
Sif Muna
Vehumet
Yredelemnul


Innate Abilities, Weirdness & Mutations

You are very small and have problems with some larger weapons.
You are too small for most types of armour.
You have supernaturally acute eyesight. (SInv)
You cover ground extremely quickly.


Message History

The wight is lightly damaged.
The wight misses you.
You hit the wight but do no damage.
The wight is lightly damaged.
The wight hits you with a cursed +5 halberd of freezing!
* * * LOW HITPOINT WARNING * * *
The wight freezes you.
* * * LOW HITPOINT WARNING * * *
Casting: Tukima's Dance (dangerous; 4% risk of failure)
Confirm with . or Enter, or press ? or * to list all spells.
Your hands begin to glow red.
The wight closely misses you. The wight completely misses you.
You hit the wight but do no damage. You hit the wight but do no damage.
The wight hits you with a cursed +5 halberd of freezing!
* * * LOW HITPOINT WARNING * * *
You feel drained.
* * * LOW HITPOINT WARNING * * *
The wight freezes you.
You die...

≈≈≈≈≈≈.[...#####.#
≈≈≈≈≈≈.....# #.# #
≈≈≈≈≈≈..##>#####.#.#
≈≈≈≈≈≈..##....##.#.#
#. #.##.##.##.#.##.#
#. #..>.##....#....#
#.####.###############
#.#....# #....#....#
#.#.########@##.#.##.#
#.#....##..zz##.#.# .#
###.####.##)#####.#o#
. #.)....z....# #.#.#
###.##.####.# .# z..
#.# ...z. #.# #z.....
#.# #....z. #..


You could see 2 wights.

Vanquished Creatures
  Grinder (D:6)
  Menkaure (D:4)
  4 ogres (D:5)
  A centaur (D:5)
  A wyvern skeleton (D:5)
  A howler monkey (D:4)
  2 bullfrog skeletons
  3 orc wizards (D:5)
  2 bullfrog zombies (D:5)
  2 orc priests (D:5)
  An iguana (D:4)
  Natasha (thrice) (D:4)
  A worker ant (D:4)
  2 hound skeletons (D:5)
  A worker ant zombie (D:5)
  4 gnolls (D:3)
  3 adders
  2 white imps (D:5)
  2 oozes (D:3)
  2 adder skeletons
  A worm (D:2)
  4 leopard geckos
  12 orcs
  2 ball pythons
  8 bats
  15 giant cockroaches
  12 goblins
  9 hobgoblins
  10 kobolds
  2 quokkas
  7 frilled lizards
  A giant cockroach zombie (D:5)
  A jackal skeleton (D:4)
  A leopard gecko zombie (D:5)
  5 rats
129 creatures vanquished.

Vanquished Creatures (others)
  A dancing weapon (D:6)
  3 withered plants (D:5)
4 creatures vanquished.

Grand Total: 133 creatures vanquished

Notes
Turn   | Place    | Note
-------+----------+-------------------------------------------
     0 | D:1      | wakim the Spriggan Enchanter began the quest for the Orb.
     0 | D:1      | Reached XP level 1. HP: 9/9 MP: 5/5
   329 | D:1      | Reached XP level 2. HP: 9/13 MP: 4/6
   571 | D:1      | Learned a level 2 spell: Ensorcelled Hibernation
  1128 | D:1      | Reached skill level 5 in Stealth
  1442 | D:2      | Reached XP level 3. HP: 16/16 MP: 5/8
  2078 | D:2      | Learned a level 3 spell: Confusing Touch
  2115 | D:2      | Found a shadowy altar of Dithmenos.
  2135 | D:2      | Became a worshipper of Dithmenos the Shadowed
  2381 | D:3      | Reached XP level 4. HP: 21/21 MP: 7/9
  3037 | D:3      | Reached * piety under Dithmenos
  3038 | D:3      | Reached skill level 1 in Ice Magic
  3391 | D:3      | Reached XP level 5. HP: 21/24 MP: 3/10
  3817 | D:4      | Noticed Natasha
  3823 | D:4      | Killed Natasha
  3918 | D:4      | Noticed Menkaure
  3933 | D:4      | Killed Menkaure
  3934 | D:4      | Reached XP level 6. HP: 28/28 MP: 11/11
  4046 | D:4      | Noticed Natasha
  4051 | D:4      | Killed Natasha
  4052 | D:4      | Reached skill level 5 in Short Blades
  4192 | D:4      | Found a sacrificial altar of Ru.
  4215 | D:4      | Found a shimmering blue altar of Sif Muna.
  4279 | D:4      | Reached ** piety under Dithmenos
  4334 | D:5      | Entered Level 5 of the Dungeon
  4376 | D:5      | Found a staircase to the Ecumenical Temple.
  4601 | D:5      | Reached XP level 7. HP: 2/32 MP: 10/12
  4927 | D:4      | Noticed Natasha
  4934 | D:4      | Killed Natasha
  4935 | D:4      | Reached skill level 6 in Stealth
  4979 | D:5      | Found a radiant altar of Vehumet.
  5626 | D:5      | Reached skill level 7 in Stealth
  5795 | D:5      | Found a white marble altar of Elyvilon.
  5805 | D:5      | Reached XP level 8. HP: 27/36 MP: 9/13
  5810 | D:5      | Reached skill level 8 in Stealth
  6208 | D:5      | Learned a level 3 spell: Tukima's Dance
  6299 | D:6      | Found a basalt altar of Yredelemnul.
  6308 | D:6      | Noticed Grinder
  6315 | D:6      | Killed Grinder
  6316 | D:6      | Reached skill level 5 in Dodging
  6316 | D:6      | Reached skill level 5 in Hexes
  6390 | D:6      | Slain by a wight

Illustrated notes

Levels and vault maps discovered:
D:1:      zaba_arrival_water, layout_rooms, minmay_split_cup_small
D:2:      layout_basic, nicolae_dithmenos_shadow_blocks
D:3:      minmay_roachtagon, layout_basic
D:4:      layout_loops_cross, nicolae_overflow_hidden_temple, uniq_menkaure,
          uniq_natasha
D:5:      layout_cave_pools, marbit_many_paths, vehumet_crystals,
          minmay_temple_entry_statues_fountains, serial_undead, serial_undead_f,
          serial_undead_d, serial_undead_e, serial_undead_f, serial_undead_b,
          serial_undead_c, amcnicky_mini_corridor_feature
D:6:      nicolae_whirlpool, layout_rooms, old_standard_altar,
          serial_co_window_serial, co_window_corner_a, co_window_paths_a,
          co_window_of_opportunity_a, co_window_of_opportunity_a,
          co_window_paths_a, co_window_unsneaky_path_a, co_window_corner_b,
          co_window_unsneaky_path_a, co_window_paths_d, co_window_4corner_a,
          glass_columns_b, glass_columns_c, glass_columns_a, uniq_grinder

Skill      XL: |  1  2  3  4  5  6  7  8 |
---------------+-------------------------+-----
Hexes          | 4 5 |  5.2
Stealth        | 5 7 8 |  8.0
Short Blades   | 2 3 4 5 6 7 |  7.3
Ice Magic      | 1 3 4 |  4.0
Spellcasting   | 3 |  3.5
Dodging        | 5 |  5.0

Action                   |  1- 3 |  4- 6 |  7- 9 || total
-------------------------+-------+-------+-------++-------
Melee: Dagger            |   101 |    87 |   120 ||   308
 Cast: Corona            |     4 |       |       ||     4
       Ensorcelled Hiber |    33 |    54 |    29 ||   116
       Confusing Touch   |       |     2 |    11 ||    13
       Tukima's Dance    |       |       |     1 ||     1
  Use: Potion            |       |     3 |       ||     3
       Scroll            |       |     2 |    13 ||    15
 Stab: Sleeping          |    35 |    39 |    24 ||    98
       Confused          |       |     1 |     7 ||     8
Armor: Robe              |    14 |     8 |     4 ||    26
Dodge: Dodged            |    65 |    66 |    74 ||   205
